| TOP OF THE 1ST |
|
Fort Myers Miracles batting - Pitching for St. Pete Cardinals : RHP Stan Leland
|
|
Pitching: RHP Stan Leland
|
|
|
Batting: SHB Ronnie Chapman
|
0-0: Ball 1-0: Ball 2-0: Swinging Strike 2-1: Foul Ball, location: 2F 2-2: Strikes out swinging
|
|
Batting: RHB T.J. Stout
|
0-0: Fly out, F9 (Flyball, 9LS, EV 85.6 MPH)
|
|
Batting: RHB Bobby Hinson
|
0-0: Ball 1-0: Swinging Strike 1-1: Ball 2-1: Ball 3-1: Foul Ball, location: 2F 3-2: Fly out, F9 (Flyball, 89XD, EV 96.3 MPH)
|
| Top of the 1st over - 0 runs, 0 hits, 0 errors, 0 left on base; Fort Myers 0 - St. Pete 0 |
| BOTTOM OF THE 1ST |
|
St. Pete Cardinals batting - Pitching for Fort Myers Miracles : LHP Dave Jensen
|
|
Pitching: LHP Dave Jensen
|
|
|
Batting: RHB John Roberts
|
0-0: Foul Ball, location: 2F 0-1: Ball 1-1: Ball 2-1: Fly out, F5 (Popup, 5S, EV 70.6 MPH)
|
|
Batting: SHB Mickey Riley
|
0-0: Called Strike 0-1: Swinging Strike 0-2: Foul Ball, location: 2F 0-2: Ball 1-2: Ball 2-2: Foul Ball, location: 2F 2-2: Ball 3-2: Strikes out swinging
|
|
Batting: RHB Joe Scime
|
0-0: Called Strike 0-1: Foul Ball, location: 2F 0-2: Ball 1-2: Fly out, F8 (Flyball, 89M, EV 85.6 MPH)
|
| Bottom of the 1st over - 0 runs, 0 hits, 0 errors, 0 left on base; Fort Myers 0 - St. Pete 0 |
| TOP OF THE 2ND |
|
Fort Myers Miracles batting - Pitching for St. Pete Cardinals : RHP Stan Leland
|
|
Batting: LHB Abraham Becerra
|
0-0: Swinging Strike 0-1: Foul Ball, location: 2F 0-2: Foul Ball, location: 2F 0-2: Foul Ball, location: 2F 0-2: Ground out 3-1 (Groundball, 34, EV 88.1 MPH)
|
|
Batting: RHB Galtero Gioacchini
|
0-0: Called Strike 0-1: Ball 1-1: Foul Ball, location: 2F 1-2: Ground out 1-3 (Groundball, 13S, EV 71.3 MPH)
|
|
Batting: RHB Michael Saccocio
|
0-0: Foul Ball, location: 2F 0-1: Ball 1-1: Called Strike 1-2: Ball 2-2: Foul Ball, location: 2F 2-2: Strikes out swinging
|
| Top of the 2nd over - 0 runs, 0 hits, 0 errors, 0 left on base; Fort Myers 0 - St. Pete 0 |
| BOTTOM OF THE 2ND |
|
St. Pete Cardinals batting - Pitching for Fort Myers Miracles : LHP Dave Jensen
|
|
Batting: RHB Victor Jimenez
|
0-0: Called Strike 0-1: Foul Ball, location: 2F 0-2: Fly out, F7 (Flyball, 7, EV 90.0 MPH)
|
|
Batting: RHB Eric Hardgrave
|
0-0: Ball 1-0: SINGLE (Groundball, 56D, EV 98.8 MPH)
|
|
Batting: RHB John Marquardt
|
0-0: Called Strike 0-1: Ball 1-1: Swinging Strike Eric Hardgrave is caught stealing 2nd base 2-4 1-2: Fly out, F7 (Flyball, 7LM, EV 87.5 MPH)
|
| Bottom of the 2nd over - 0 runs, 1 hit, 0 errors, 0 left on base; Fort Myers 0 - St. Pete 0 |
| TOP OF THE 3RD |
|
Fort Myers Miracles batting - Pitching for St. Pete Cardinals : RHP Stan Leland
|
|
Batting: LHB Rodney Hodde
|
0-0: Ball 1-0: Called Strike 1-1: Ball 2-1: Ball 3-1: Base on Balls
|
|
Batting: LHB Stacey Pettis
|
0-0: Fly out, F4 (Flyball, 34D, EV 91.3 MPH)
|
|
Batting: LHB David Pagel
|
0-0: Swinging Strike 0-1: Ball 1-1: Ball 2-1: Called Strike 2-2: Foul Ball, location: 2F 2-2: Ball 3-2: Foul Ball, location: 2F 3-2: Foul Ball, location: 2F 3-2: Foul Ball, location: 2F 3-2: Foul Ball, location: 2F 3-2: Foul Ball, location: 2F 3-2: Base on Balls Rodney Hodde to second
|
|
Batting: SHB Ronnie Chapman
|
0-0: Fly out, F4 (Popup, 4D, EV 52.5 MPH)
|
|
Batting: RHB T.J. Stout
|
0-0: Called Strike 0-1: Ball 1-1: Ball 2-1: Called Strike 2-2: DOUBLE (Line Drive, 89D, EV 106.3 MPH) Rodney Hodde scores David Pagel to third Runner from 3rd tries for Home, SAFE, throw by RF to home
|
|
Batting: RHB Bobby Hinson
|
0-0: Ball 1-0: Ball 2-0: Ball 3-0: Called Strike 3-1: Swinging Strike 3-2: Foul Ball, location: 2F 3-2: Foul Ball, location: 2F 3-2: Base on Balls
|
|
Batting: LHB Abraham Becerra
|
0-0: Fly out, F7 (Flyball, 7LD, EV 96.9 MPH)
|
| Top of the 3rd over - 2 runs, 1 hit, 0 errors, 2 left on base; Fort Myers 2 - St. Pete 0 |
| BOTTOM OF THE 3RD |
|
St. Pete Cardinals batting - Pitching for Fort Myers Miracles : LHP Dave Jensen
|
|
Batting: RHB Sal Agostinelli
|
0-0: Ball 1-0: Called Strike 1-1: Swinging Strike 1-2: Foul Ball, location: 2F 1-2: Strikes out swinging
|
|
Batting: RHB Omar Interiano
|
0-0: Called Strike 0-1: Ground out 5-3 (Groundball, 5S, EV 62.5 MPH)
|
|
Batting: RHB Carlos Garcia
|
0-0: Ball 1-0: SINGLE (Groundball, 6MD, EV 99.4 MPH)
|
|
Batting: RHB John Roberts
|
0-0: Ball 1-0: Ground out 4-3 (Groundball, 34, EV 86.9 MPH)
|
| Bottom of the 3rd over - 0 runs, 1 hit, 0 errors, 1 left on base; Fort Myers 2 - St. Pete 0 |
| TOP OF THE 4TH |
|
Fort Myers Miracles batting - Pitching for St. Pete Cardinals : RHP Stan Leland
|
|
Batting: RHB Galtero Gioacchini
|
0-0: Ground out 4-3 (Groundball, 4MS, EV 82.5 MPH)
|
|
Batting: RHB Michael Saccocio
|
0-0: Ball 1-0: Ball 2-0: Ball 3-0: Called Strike 3-1: Foul Ball, location: 2F 3-2: Ground out 6-3 (Groundball, 6, EV 84.4 MPH)
|
|
Batting: LHB Rodney Hodde
|
0-0: DOUBLE (Line Drive, 9LS, EV 115.6 MPH)
|
|
Batting: LHB Stacey Pettis
|
0-0: Ball 1-0: Ball 2-0: Called Strike 2-1: Foul Ball, location: 2F 2-2: Ball 3-2: Fly out, F6 (Line Drive, 6, EV 69.4 MPH)
|
| Top of the 4th over - 0 runs, 1 hit, 0 errors, 1 left on base; Fort Myers 2 - St. Pete 0 |
| BOTTOM OF THE 4TH |
|
St. Pete Cardinals batting - Pitching for Fort Myers Miracles : LHP Dave Jensen
|
|
Batting: SHB Mickey Riley
|
0-0: Ball 1-0: Ground out U3 (Groundball, 34, EV 83.8 MPH)
|
|
Batting: RHB Joe Scime
|
0-0: Ball 1-0: Called Strike 1-1: Ball 2-1: Ball 3-1: Ground out 6-3 (Groundball, 6, EV 103.8 MPH)
|
|
Batting: RHB Victor Jimenez
|
0-0: SINGLE (Line Drive, 7S, EV 90.0 MPH)
|
|
Batting: RHB Eric Hardgrave
|
0-0: Called Strike 0-1: Foul Ball, location: 2F 0-2: Ball 1-2: Ground out 5-3 (Groundball, 56S, EV 81.9 MPH)
|
| Bottom of the 4th over - 0 runs, 1 hit, 0 errors, 1 left on base; Fort Myers 2 - St. Pete 0 |
| TOP OF THE 5TH |
|
Fort Myers Miracles batting - Pitching for St. Pete Cardinals : RHP Stan Leland
|
|
Batting: LHB David Pagel
|
0-0: Called Strike 0-1: Ball 1-1: Fly out, F9 (Flyball, 9S, EV 78.8 MPH)
|
|
Batting: SHB Ronnie Chapman
|
0-0: Swinging Strike 0-1: Ball 1-1: Ball 2-1: Fly out, F7 (Flyball, 78S, EV 93.1 MPH)
|
|
Batting: RHB T.J. Stout
|
0-0: Ball 1-0: Ball 2-0: Ball 3-0: Base on Balls
|
|
Batting: RHB Bobby Hinson
|
0-0: Ball 1-0: Ball 2-0: Foul Ball, location: 2F 2-1: SINGLE (Flyball, 78S, EV 89.4 MPH) T.J. Stout to second
|
|
Batting: LHB Abraham Becerra
|
0-0: Ball 1-0: Fly out, F8 (Flyball, 8RS, EV 88.8 MPH)
|
| Top of the 5th over - 0 runs, 1 hit, 0 errors, 2 left on base; Fort Myers 2 - St. Pete 0 |
| BOTTOM OF THE 5TH |
|
St. Pete Cardinals batting - Pitching for Fort Myers Miracles : LHP Dave Jensen
|
|
Batting: RHB John Marquardt
|
0-0: Ball 1-0: Ground out 5-3 (Groundball, 56S, EV 83.1 MPH)
|
|
Batting: RHB Sal Agostinelli
|
0-0: Called Strike 0-1: Ground out U3 (Groundball, 34, EV 85.0 MPH)
|
|
Batting: RHB Omar Interiano
|
0-0: Called Strike 0-1: Called Strike 0-2: Ball 1-2: Ball 2-2: Ball 3-2: Strikes out swinging
|
| Bottom of the 5th over - 0 runs, 0 hits, 0 errors, 0 left on base; Fort Myers 2 - St. Pete 0 |
| TOP OF THE 6TH |
|
Fort Myers Miracles batting - Pitching for St. Pete Cardinals : RHP Stan Leland
|
|
Batting: RHB Galtero Gioacchini
|
0-0: Ball 1-0: Foul Ball, location: 2F 1-1: Ground out 6-3 (Groundball, 6S, EV 79.4 MPH)
|
|
Batting: RHB Michael Saccocio
|
0-0: Ball 1-0: Ball 2-0: Called Strike 2-1: Ball 3-1: Called Strike 3-2: Base on Balls
|
|
Batting: LHB Rodney Hodde
|
0-0: Ball 1-0: Ball 2-0: Ball 3-0: Base on Balls Michael Saccocio to second
|
|
Batting: LHB Stacey Pettis
|
0-0: Ball 1-0: Foul Ball, location: 2F 1-1: Ball 2-1: Fielders Choice at 2nd, 4-6 (Groundball, 4, EV 81.3 MPH) Michael Saccocio to third
|
|
Batting: LHB David Pagel
|
0-0: Ball 1-0: Ball 2-0: Foul Ball, location: 2F 2-1: Fly out, F9 (Line Drive, 9, EV 91.3 MPH)
|
| Top of the 6th over - 0 runs, 0 hits, 0 errors, 2 left on base; Fort Myers 2 - St. Pete 0 |
| BOTTOM OF THE 6TH |
|
St. Pete Cardinals batting - Pitching for Fort Myers Miracles : LHP Dave Jensen
|
|
Batting: RHB Carlos Garcia
|
0-0: Ball 1-0: Fly out, F3 (Flyball, 3D, EV 96.3 MPH)
|
|
Batting: RHB John Roberts
|
0-0: Foul Ball, location: 2F 0-1: Called Strike 0-2: Ball 1-2: Ball 2-2: SINGLE (Line Drive, 56, EV 101.3 MPH)
|
|
Batting: SHB Mickey Riley
|
0-0: Ball 1-0: Swinging Strike 1-1: Foul Ball, location: 2F 1-2: Foul Ball, location: 2F 1-2: Grounds into double play, 5-4-3 (Groundball, 56, EV 103.1 MPH)
|
| Bottom of the 6th over - 0 runs, 1 hit, 0 errors, 0 left on base; Fort Myers 2 - St. Pete 0 |
| TOP OF THE 7TH |
|
Fort Myers Miracles batting - Pitching for St. Pete Cardinals : RHP Stan Leland
|
|
Batting: SHB Ronnie Chapman
|
0-0: Called Strike 0-1: Fly out, F8 (Flyball, 89D, EV 100.0 MPH)
|
|
Batting: RHB T.J. Stout
|
0-0: Foul Ball, location: 2F 0-1: Fly out, F8 (Flyball, 8LM, EV 88.8 MPH)
|
|
Batting: RHB Bobby Hinson
|
0-0: Called Strike 0-1: Ball 1-1: Ball 2-1: Called Strike 2-2: Foul Ball, location: 2F 2-2: Ball 3-2: SOLO HOME RUN (Line Drive, 7D, EV 104.4 MPH), Distance : 383 ft
|
|
Batting: LHB Abraham Becerra
|
0-0: Ball 1-0: SINGLE (Line Drive, 34, EV 105.0 MPH)
|
|
Pitching: RHP Glen Germer
|
|
|
Batting: RHB Galtero Gioacchini
|
0-0: SINGLE (Groundball, 6D, EV 103.8 MPH) Abraham Becerra to second
|
|
Batting: RHB Michael Saccocio
|
0-0: Called Strike 0-1: SINGLE (Flyball, 6MD, EV 90.6 MPH) Abraham Becerra to third Galtero Gioacchini to second Runner from 3rd tries for Home, SAFE, throw by CF to home
|
|
Batting: LHB Rodney Hodde
|
0-0: Ball 1-0: Swinging Strike 1-1: Ball 2-1: Foul Ball, location: 2F 2-2: Ball 3-2: Base on Balls Galtero Gioacchini to third Michael Saccocio to second
|
|
Batting: LHB Stacey Pettis
|
0-0: Swinging Strike 0-1: Ball 1-1: Ball 2-1: Foul Ball, location: 2F 2-2: Strikes out swinging
|
| Top of the 7th over - 2 runs, 4 hits, 0 errors, 3 left on base; Fort Myers 4 - St. Pete 0 |
| BOTTOM OF THE 7TH |
|
St. Pete Cardinals batting - Pitching for Fort Myers Miracles : LHP Dave Jensen
|
|
Batting: RHB Joe Scime
|
0-0: Called Strike 0-1: Ball 1-1: Foul Ball, location: 2F 1-2: SINGLE (Line Drive, 78S, EV 100.0 MPH)
|
|
Batting: RHB Victor Jimenez
|
0-0: Ball 1-0: Called Strike 1-1: TRIPLE (Flyball, 8RXD, EV 104.4 MPH) Joe Scime scores
|
|
Batting: RHB Eric Hardgrave
|
0-0: Called Strike 0-1: Foul Ball, location: 2F 0-2: Ball 1-2: Foul Ball, location: 2F 1-2: Fly out, F2 (Popup, 2R, EV 90.6 MPH)
|
|
Batting: RHB John Marquardt
|
0-0: Ball Steal of home, Victor Jimenez is out 1-0: Ball 2-0: Ball 3-0: Called Strike 3-1: Called Strike 3-2: Foul Ball, location: 2F 3-2: Base on Balls
|
|
Batting: RHB Sal Agostinelli
|
0-0: Ball Pickoff Throw to First - Out! 1-3
|
| Bottom of the 7th over - 1 run, 2 hits, 0 errors, 0 left on base; Fort Myers 4 - St. Pete 1 |
| TOP OF THE 8TH |
|
Fort Myers Miracles batting - Pitching for St. Pete Cardinals : RHP Glen Germer
|
|
Batting: LHB David Pagel
|
0-0: Fly out, F5 (Flyball, 5D, EV 78.1 MPH)
|
|
Batting: SHB Ronnie Chapman
|
0-0: SINGLE (Groundball, P, EV 81.9 MPH) (infield hit)
|
|
Batting: RHB T.J. Stout
|
0-0: Ball 1-0: Foul Ball, location: 2F 1-1: Ball 2-1: Ball 3-1: Swinging Strike 3-2: Strikes out swinging
|
|
Batting: RHB Bobby Hinson
|
0-0: SINGLE (Groundball, 56S, EV 65.0 MPH) (infield hit) Ronnie Chapman to second
|
|
Batting: LHB Abraham Becerra
|
0-0: Called Strike 0-1: Ball 1-1: Ball 2-1: Ball 3-1: Fly out, F9 (Line Drive, 9, EV 108.1 MPH)
|
| Top of the 8th over - 0 runs, 2 hits, 0 errors, 2 left on base; Fort Myers 4 - St. Pete 1 |
| BOTTOM OF THE 8TH |
|
St. Pete Cardinals batting - Pitching for Fort Myers Miracles : LHP Dave Jensen
|
|
Batting: RHB Sal Agostinelli
|
0-0: Ground out 6-3 (Groundball, 6, EV 100.6 MPH)
|
|
Batting: RHB Omar Interiano
|
0-0: Foul Ball, location: 2F 0-1: Foul Ball, location: 2F 0-2: Ball 1-2: Reached on error, E6 (Groundball, 6S, EV 88.1 MPH)
|
|
Batting: RHB Carlos Garcia
|
0-0: Ball 1-0: Fly out, F8 (Flyball, 8LD, EV 99.4 MPH)
|
|
Batting: RHB John Roberts
|
0-0: Ball 1-0: Ball 2-0: Foul Ball, location: 2F 2-1: Ground out 6-3 (Groundball, 6M, EV 80.0 MPH)
|
| Bottom of the 8th over - 0 runs, 0 hits, 1 error, 1 left on base; Fort Myers 4 - St. Pete 1 |
| TOP OF THE 9TH |
|
Fort Myers Miracles batting - Pitching for St. Pete Cardinals : RHP Glen Germer
|
|
Batting: RHB Galtero Gioacchini
|
0-0: Swinging Strike 0-1: Ball 1-1: Called Strike 1-2: Foul Ball, location: 2F 1-2: Foul Ball, location: 2F 1-2: Fly out, F4 (Popup, 4M, EV 55.6 MPH)
|
|
Batting: RHB Michael Saccocio
|
0-0: Ball 1-0: Called Strike 1-1: Ball 2-1: Swinging Strike 2-2: Foul Ball, location: 2F 2-2: Ball 3-2: Foul Ball, location: 2F 3-2: Ground out 4-3 (Groundball, 4, EV 80.0 MPH)
|
|
Pitching: RHP Rickey Lintz
|
|
|
Batting: LHB Rodney Hodde
|
0-0: Ball 1-0: Ground out 6-3 (Groundball, 6, EV 76.3 MPH)
|
| Top of the 9th over - 0 runs, 0 hits, 0 errors, 0 left on base; Fort Myers 4 - St. Pete 1 |
| BOTTOM OF THE 9TH |
|
St. Pete Cardinals batting - Pitching for Fort Myers Miracles : LHP Dave Jensen
|
|
Batting: SHB Mickey Riley
|
0-0: Called Strike 0-1: Fly out, F6 (Flyball, 56D, EV 86.9 MPH)
|
|
Batting: RHB Joe Scime
|
0-0: SOLO HOME RUN (Flyball, 78XD, EV 95.0 MPH), Distance : 405 ft
|
|
Batting: RHB Victor Jimenez
|
0-0: Ball 1-0: Swinging Strike 1-1: Ball 2-1: SINGLE (Line Drive, 9S, EV 92.5 MPH)
|
|
Batting: RHB Eric Hardgrave
|
0-0: Ball 1-0: Called Strike 1-1: Ball 2-1: Grounds into double play, 5-4-3 (Groundball, 56, EV 81.3 MPH)
|
| Bottom of the 9th over - 1 run, 2 hits, 0 errors, 0 left on base; Fort Myers 4 - St. Pete 2 |
|